 Dungeon Crawl Stone Soup version 0.28-a0-1339-ga5422284a4 (webtiles) character file.

Game seed: 11389338908109729078

84417 ytrimaz the Black Belt (level 15, -16/135 HPs)
             Began as an Octopode Transmuter on Dec 29, 2021.
             Was an Elder of Ashenzari.
             Demolished by a sun demon (19 damage)
             ... in a wizard's laboratory.
             The game lasted 00:38:12 (32042 turns).

ytrimaz the Black Belt (Octopode Transmuter)       Turns: 32042, Time: 00:38:13

Health: -16/135    AC: 20    Str: 13    XL:     15   Next: 80%
Magic:  0/44       EV: 15    Int: 30    God:    Ashenzari [****..]
Gold:   1672       SH:  0    Dex: 13    Spells: 26/46 levels left

rFire   . . .      SeeInvis +     - Unarmed
rCold   + + .      Faith    .   (shield currently unavailable)
rNeg    . . .      Spirit   +   (helmet currently unavailable)
rPois   +          Reflect  .   e - amulet of the Elysian Fetters {Spirit, Elem, Evo} (curse)
rElec   +          Harm     .   a - ring of the Revealing Paranoia {rF+, Cun, Comp} (curse)
rCorr   +          Rampage  .   K - ring "Mufekhiush" {+Blink rF- MP+9 AC+4 Str+2}
Will    ++...      Clarity  +   q - ring of Ashenzari's Mistrust {Will+, Elem, Comp} (curse)
Stlth   +.........              y - ring of Ashenzari's Planets {AC+4 Int+3 Slay+2, Cun, Alch} (curse)
HPRegen 0.32/turn               E - ring "Circumscribed Prison" {Int+6, Elem, Evo} (curse)
MPRegen 0.29/turn               G - ring of the Shattered Vision {Wiz, Self, Evo} (curse)
                                H - ring "Bound Foul Odours" {rF+, Self, Alch} (curse)
                                Q - ring "Jamiynal" {rElec rPois rC- rCorr}

@: ice-form
A: freezing attack, boosted hp, almost no armour, amphibious, 8 rings, large,
(camouflage 1), (gelatinous body 1), (nimble swimmer 1), (tentacles)
a: End Transformation, Renounce Religion, Evoke Blink, Curse Item, Shatter the
Chains


You were in a wizard's laboratory.
You worshipped Ashenzari.
Ashenzari was greatly pleased with you.
You were a creature of crystalline ice.
You visited 5 branches of the dungeon, and saw 22 of its levels.
You also visited: Gauntlet and Wizlab.

You collected 2327 gold pieces.
You spent 655 gold pieces at shops.

Inventory:

Missiles
 r - 2 throwing nets
Jewellery
 a - the cursed ring of the Revealing Paranoia (left front paw) {rF+, Cun, Comp}
   (You found it on level 2 of the Dungeon)

   [ring of protection from fire]

   rF:        It protects you from fire.
   It has a curse which improves the following skills: Cunning: Dodging and
   Stealth.
   Companions: Summonings and Necromancy.
 e - the cursed amulet of the Elysian Fetters (around neck) {Spirit, Elem, Evo}
   (You found it on level 3 of the Dungeon)

   [amulet of guardian spirit]

   It causes incoming damage to be divided between your reserves of health and
   magic.
   It has a curse which improves the following skills: Elements: Fire Magic, Ice
   Magic, Air Magic and Earth Magic.
   Evocations: Evocations.
 q - the cursed ring of Ashenzari's Mistrust (on tentacle) {Will+, Elem, Comp}
   (You found it on level 5 of the Dungeon)

   [ring of willpower]

   Will:      It increases your willpower.
   It has a curse which improves the following skills: Elements: Fire Magic, Ice
   Magic, Air Magic and Earth Magic.
   Companions: Summonings and Necromancy.
 y - the cursed ring of Ashenzari's Planets (on tentacle) {AC+4 Int+3 Slay+2, Cun, Alch}
   (You acquired it on level 6 of the Dungeon)

   [ring of protection]

   AC:        It affects your AC (+4).
   Int:       It affects your intelligence (+3).
   Slay:      It affects your accuracy & damage with ranged weapons and melee
   (+2).
   It has a curse which improves the following skills: Cunning: Dodging and
   Stealth.
   Alchemy:   Poison Magic and Transmutations.
 z - a ring of protection from cold
 E - the cursed ring "Circumscribed Prison" (on tentacle) {Int+6, Elem, Evo}
   (You found it on level 11 of the Dungeon)

   [ring of intelligence]

   Int:       It affects your intelligence (+6).
   It has a curse which improves the following skills: Elements: Fire Magic, Ice
   Magic, Air Magic and Earth Magic.
   Evocations: Evocations.
 G - the cursed ring of the Shattered Vision (on tentacle) {Wiz, Self, Evo}
   (You found it on level 3 of the Lair of Beasts)

   [ring of wizardry]

   It improves your spell success rate.
   It has a curse which improves the following skills: Introspection: Fighting
   and Spellcasting.
   Evocations: Evocations.
 H - the cursed ring "Bound Foul Odours" (on tentacle) {rF+, Self, Alch}
   (You found it on level 5 of the Lair of Beasts)

   [ring of protection from fire]

   rF:        It protects you from fire.
   It has a curse which improves the following skills: Introspection: Fighting
   and Spellcasting.
   Alchemy:   Poison Magic and Transmutations.
 K - the ring "Mufekhiush" (right front paw) {+Blink rF- MP+9 AC+4 Str+2}
   (You acquired it on level 4 of the Lair of Beasts)

   [ring of protection]

   AC:        It affects your AC (+4).
   Str:       It affects your strength (+2).
   rF:        It makes you vulnerable to fire.
   MP:        It affects your magic capacity (+9).
   +Blink:    It lets you blink.
 P - a ring of protection from cold
 Q - the ring "Jamiynal" (on tentacle) {rElec rPois rC- rCorr}
   (You found it in a Gauntlet)

   [ring of resist corrosion]

   rC:        It makes you vulnerable to cold.
   rElec:     It insulates you from electricity.
   rPois:     It protects you from poison.
   rCorr:     It protects you from acid and corrosion.
Wands
 h - a wand of polymorph (16)
 i - a wand of mindburst (13)
 o - a wand of charming (25)
 t - a wand of acid (9)
 w - a wand of paralysis (8)
 A - a wand of iceblast (8)
 F - a wand of flame (13)
Scrolls
 c - a scroll of fog
 g - 3 scrolls of enchant armour
 j - a scroll of brand weapon
 s - 2 scrolls of magic mapping
 B - a scroll of silence
 C - 2 scrolls of holy word
 L - a scroll of fear
 N - a scroll of enchant weapon
Potions
 b - 2 potions of lignification
 d - a potion of might
 f - a potion of brilliance
 k - 3 potions of flight
 l - 2 potions of haste
 m - 2 potions of ambrosia
 n - a potion of berserk rage
 u - 5 potions of curing
 v - 3 potions of mutation
 x - 3 potions of attraction
 D - a potion of cancellation
 I - a potion of magic
 M - a potion of heal wounds
Miscellaneous
 O - a lightning rod (4/4)


   Skills:
 * Level 10.5(14.1) Fighting
 * Level 8.8(12.4) Dodging
 + Level 15.1 Unarmed Combat
 * Level 12.5(16.0) Spellcasting
 * Level 12.6(16.1) Transmutations
 * Level 6.9(11.6) Earth Magic
 - Level 4.0(7.2) Poison Magic


You had 26 spell levels left.
You knew the following spells:

 Your Spells              Type           Power      Damage    Failure   Level
a - Spider Form           Tmut/Pois      76%        N/A       1%          3
b - Wereblood             Tmut           88%        N/A       0%          2
c - Borgnjor's Vile Clut  Necr/Erth      28%        N/A       1%          5
d - Ice Form              Ice/Tmut       65%        N/A       1%          4
e - Iron Shot             Conj/Erth      28%        9d6       11%         6

Your spell library contained the following spells:

 Spells                   Type           Power      Damage    Failure   Level
 Beastly Appendage        Tmut           100%       N/A       0%          1
 Sandblast                Erth           100%       2d20      0%          1
 Passwall                 Tmut/Erth      68%        N/A       0%          2
 Animate Skeleton         Necr           54%        N/A       1%          1
 Magic Dart               Conj           96%        1d7       1%          1
 Pain                     Necr           100%       1d9       1%          1
 Blink                    Tloc           48%        N/A       1%          2
 Corpse Rot               Necr/Air       54%        N/A       1%          2
 Ensorcelled Hibernation  Hex/Ice        52%        N/A       1%          2
 Poisonous Vapours        Pois/Air       94%        N/A       1%          2
 Searing Ray              Conj           48%        2d6       1%          2
 Static Discharge         Conj/Air       26%        N/A       1%          2
 Ignite Poison            Fire/Tmut/Pois 64%        N/A       1%          3
 Mephitic Cloud           Conj/Pois/Air  39%        N/A       1%          3
 Stone Arrow              Conj/Erth      100%       3d13      1%          3
 Summon Guardian Golem    Hex/Summ       25%        N/A       1%          3
 Vampiric Draining        Necr           27%        2d7       1%          3
 Gell's Gravitas          Tloc           24%        N/A       2%          3
 Lesser Beckoning         Tloc           24%        N/A       2%          3
 Teleport Other           Tloc           24%        N/A       2%          3
 Tukima's Dance           Hex            24%        N/A       2%          3
 Dispel Undead            Necr           27%        3d13      6%          4
 Sticky Flame             Conj/Fire      26%        2d5       6%          4
 Fulminant Prism          Conj/Hex       12%        3d9       8%          4
 Freezing Cloud           Conj/Ice/Air   13%        6-21      17%         5
 Iskenderun's Battlesphe  Conj           24%        2d8       21%         5
 Manifold Assault         Tloc           24%        N/A       21%         5
 Dispersal                Tloc           12%        N/A       71%         6
 Lehudib's Crystal Spear  Conj/Erth      28%        10d7      98%         8
 Enfeeble                 Hex            12%        N/A       99%         7
 Orb of Destruction       Conj           12%        9d6       99%         7
 Spellforged Servitor     Conj/Summ      12%        N/A       99%         7


Dungeon Overview and Level Annotations

Branches:
Dungeon (12/15)            Temple (1/1) D:4            Lair (6/6) D:9
  Swamp (0/4) Lair:2       Spider (0/4) Lair:2        Slime (0/5) Lair:5
    Orc (2/2) D:9             Elf (1/3) Orc:2        WizLab (1/1)
Gauntlet (visited)

Altars:
Ashenzari
Cheibriados
Dithmenos
Elyvilon
Fedhas
Gozag
Hepliaklqana
Kikubaaqudgha
Makhleb
Nemelex Xobeh
Okawaru
Qazlal
Ru
Sif Muna
Trog
Uskayaw
Vehumet
Wu Jian
Xom
Yredelemnul
Zin
The Shining One
Beogh

Shops:
D:6 ?   Orc:2 =*[(

Portals:
Abyss: Lair:3
Desolation: Elf:1

Annotations:
D:12 Jorgrun
Lair:3 2 transporters, Jazxac's ghost, journeyman MiMo
Lair:4 exclusions: 2 oklob plants and 1 more exclusion
Lair:6 2 runed translucent doors
Elf:1 3 runed translucent doors


Innate Abilities, Weirdness & Mutations

You are a creature of crystalline ice.
You have a powerful freezing melee attack.
Your maximum health is increased.
Your armour is entirely melded.
You are incapable of wielding weapons or throwing items.
You cannot wear most types of armour.
You are amphibious.
You can wear up to eight rings at the same time.
((Your skin changes colour to match your surroundings (Stealth+).))
((Your rubbery body absorbs attacks. (AC +1, EV +1)))
((You are camouflaged when in or above water. (Stealth+)))
((You have tentacles for arms and can constrict up to eight enemies at once.))


Message History

Unknown command.
You hit the lorocyproca but do no damage.
The lorocyproca is heavily wounded.
The lorocyproca closely misses you.
Unknown command.
You pummel the lorocyproca!! You freeze the lorocyproca.
The lorocyproca is severely wounded.
Unknown command.
You pummel the lorocyproca!!
The lorocyproca is almost dead.
The lorocyproca closely misses you. The sun demon closely misses you.
Unknown command.
You pummel the lorocyproca!! You freeze the lorocyproca.
You kill the lorocyproca!
The smoke demon hits you but does no damage.
The smoke demon misses you. The smoke demon hits you.
* * * LOW HITPOINT WARNING * * *
Unknown command.
You completely miss the sun demon. The sun demon misses you.
The smoke demon closely misses you.
The smoke demon hits you but does no damage.
The smoke demon completely misses you.
You hit the sun demon. You freeze the sun demon.
The sun demon is lightly wounded.
The sun demon hits you!
* * * LOW HITPOINT WARNING * * *
You are engulfed in flames!
* * * LOW HITPOINT WARNING * * *
Unknown command.
You hit the sun demon but do no damage.
The sun demon is lightly wounded.
The sun demon misses you. The smoke demon completely misses you.
The smoke demon closely misses you. x2
Unknown command.
You pummel the sun demon!! You freeze the sun demon!
The sun demon is severely wounded.
The sun demon hits you!!
* * * LOW HITPOINT WARNING * * *
You are engulfed in flames!!
You die...

######## ## ###########
###.### #8...∩...8##
##.....## #...).....##
##.......###..##.##..##
#.........##.##...##)##
#.....Y...##....#...)##
#?....3.3......#...#....
#?...............∩......
##.........##..#...#..##
#.........##....#....#
##.......###.##...##.#
##.....##*#..##.##..#
##..### ⌠.., .....⌠ #..
*#..# ##


You could see a sun demon and a smoke demon.

Vanquished Creatures
  An orc warlord (Orc:2)
  A reaper (Gauntlet)
  A lorocyproca (WizLab)
  A demonspawn black sun (WizLab)
  A minotaur (Gauntlet)
  2 blizzard demons (WizLab)
  Josephine (Lair:4)
  A boulder beetle (Lair:6)
  7 hydras
  A ghost crab (Gauntlet)
  2 peacekeepers (Elf:1)
  A centaur warrior (D:12)
  A catoblepas (Lair:6)
  5 two-headed ogres
  9 death yaks
  An orc high priest (Orc:2)
  A sun demon (WizLab)
  2 bog bodies (Lair:2)
  4 orc knights
  Pikel (D:4)
  2 lindwurms (Lair:6)
  4 deep elf pyromancers (Elf:1)
  3 deep elf zephyrmancers (Elf:1)
  A wolf spider (Lair:2)
  4 orc sorcerers (Orc:2)
  A cyclops (D:11)
  18 elephants
  9 black mambas
  2 orange demons (WizLab)
  8 cane toads
  A smoke demon (WizLab)
  2 torpor snails
  3 molten gargoyles (Lair:6)
  4 rime drakes
  An unseen horror (D:11)
  13 komodo dragons
  2 red devils (WizLab)
  2 hellwings
  3 ice devils (WizLab)
  2 trolls
  A merfolk (D:10)
  14 blink frogs
  Prince Ribbit (D:6)
  A polar bear (Lair:2)
  9 dream sheep
  72 yaks
  Sigmund (D:5)
  5 wyverns
  5 wraiths
  A spriggan (D:10)
  A human (D:10)
  3 basilisks
  Grum (D:8)
  3 redbacks (Lair:2)
  4 steam dragons
  3 neqoxecs (WizLab)
  4 vampire mosquitoes (D:10)
  Edmund (D:4)
  4 acid dragons
  4 hell hounds (Lair:6)
  8 water moccasins
  A swamp drake (D:9)
  19 orc warriors
  2 black bears
  An ice beast (D:4)
  3 sky beasts
  6 ogres
  A necrophage (D:3)
  24 wolves
  7 centaurs
  A phantom (D:5)
  2 lemures (D:4)
  A kobold brigand (D:9)
  14 bullfrogs
  3 scorpions
  2 gnoll sergeants
  A water moccasin zombie (D:5)
  2 wyvern skeletons
  A water moccasin skeleton (D:5)
  10 killer bees
  11 wights
  8 howler monkeys
  5 lava snakes
  3 centaur zombies
  A hound (D:5)
  15 orc priests
  8 jellies
  Ijyb (D:3)
  5 iguanas
  18 orc wizards
  A killer bee zombie (D:6)
  2 hound skeletons
  Robin (D:4)
  21 gnolls
  A howler monkey skeleton (D:6)
  6 adders
  3 shadow imps
  A white imp (D:5)
  An ufetubus (D:6)
  4 dart slugs
  58 orcs
  A bat zombie (D:8)
  8 endoplasms
  5 giant cockroaches
  7 goblins
  14 hobgoblins
  3 jackals (D:1)
  2 quokkas
  8 ball pythons
  5 bats
  4 frilled lizards
  11 kobolds
  4 rats
622 creatures vanquished.

Vanquished Creatures (collateral kills)
  A shadow (D:11)
1 creature vanquished.

Vanquished Creatures (others)
  A rime drake (Lair:4)
  A kobold (D:10)
  46 fungi
  51 plants
99 creatures vanquished.

Grand Total: 722 creatures vanquished

Notes
Turn   | Place    | Note
-------+----------+-------------------------------------------
     0 | D:1      | ytrimaz the Octopode Transmuter began the quest for the
                  | Orb.
     0 | D:1      | Reached XP level 1. HP: 13/13 MP: 3/3
   231 | D:1      | Reached XP level 2. HP: 14/18 MP: 1/5
  1160 | D:1      | Reached XP level 3. HP: 17/23 MP: 4/6
  1163 | D:1      | Learned a level 2 spell: Wereblood
  1167 | D:1      | Learned a level 3 spell: Spider Form
  1887 | D:2      | Reached XP level 4. HP: 24/28 MP: 6/8
  2494 | D:2      | Found a bloodstained altar of Trog.
  2550 | D:2      | Identified the +3 leather armour of Xunkan {rCorr}
  2673 | D:3      | Reached XP level 5. HP: 7/34 MP: 9/9
  3570 | D:3      | Noticed a necrophage
  3596 | D:3      | Killed a necrophage
  3597 | D:3      | Reached skill level 4 in Unarmed Combat
  3597 | D:3      | Reached XP level 6. HP: 24/39 MP: 11/11
  4619 | D:3      | Noticed Ijyb
  4635 | D:3      | Killed Ijyb
  4903 | D:4      | Reached XP level 7. HP: 45/45 MP: 9/13
  5450 | D:4      | Reached skill level 1 in Poison Magic
  5514 | D:4      | Noticed Edmund
  5548 | D:4      | Killed Edmund
  5733 | D:4      | Found a staircase to the Ecumenical Temple.
  5794 | Temple   | Entered the Ecumenical Temple
  6033 | D:4      | Noticed Pikel
  6073 | D:4      | Killed Pikel
  6074 | D:4      | Reached skill level 5 in Unarmed Combat
  6074 | D:4      | Reached skill level 5 in Spellcasting
  6074 | D:4      | Reached skill level 5 in Transmutations
  6074 | D:4      | Reached XP level 8. HP: 28/52 MP: 6/16
  6412 | D:4      | Noticed Robin
  6422 | D:4      | Killed Robin
  6561 | D:4      | Learned a level 4 spell: Ice Form
  6645 | D:5      | Entered Level 5 of the Dungeon
  6753 | D:5      | Found a snail-covered altar of Cheibriados.
  7578 | D:5      | Reached skill level 6 in Unarmed Combat
  7578 | D:5      | Reached XP level 9. HP: 51/58 MP: 12/18
  7682 | D:5      | Found a burning altar of Makhleb.
  7985 | D:5      | Noticed Sigmund
  8003 | D:5      | Killed Sigmund
  8831 | D:6      | Found a broken altar of Ashenzari.
  8868 | D:6      | Became a worshipper of Ashenzari the Shackled
  9083 | D:6      | Found Itoig's Magic Scroll Shop.
  9119 | D:6      | Found a bloodstained altar of Trog.
  9125 | D:6      | Noticed Prince Ribbit
  9143 | D:6      | Killed Prince Ribbit
  9144 | D:6      | Reached skill level 7 in Unarmed Combat
 10199 | D:7      | Found a burning altar of Makhleb.
 10343 | D:7      | Reached skill level 5 in Fighting
 10425 | D:7      | Reached XP level 10. HP: 66/66 MP: 14/20
 10721 | D:8      | Reached skill level 8 in Unarmed Combat
 11146 | D:8      | Found an ancient bone altar of Kikubaaqudgha.
 11194 | D:8      | Found a shimmering altar of Xom.
 11282 | D:8      | Noticed Grum
 11306 | D:8      | HP: 3/79 [Grum (9)]
 11307 | D:8      | Killed Grum
 12450 | D:9      | Identified the +3 dagger of Honour {vorpal, Fly Dex+2
                  | Stlth+}
 12569 | D:9      | Reached skill level 9 in Unarmed Combat
 12959 | D:9      | Found a staircase to the Lair.
 13011 | D:9      | Found a shimmering blue altar of Sif Muna.
 13202 | D:9      | Reached XP level 11. HP: 62/68 MP: 11/23
 13356 | D:9      | Found a staircase to the Orcish Mines.
 13618 | D:9      | Found an iron altar of Okawaru.
 13879 | D:6      | Bought a scroll of acquirement for 520 gold pieces
 13879 | D:6      | Bought a scroll of identify for 20 gold pieces
 13879 | D:6      | Bought a scroll of identify for 20 gold pieces
 13879 | D:6      | Bought a scroll of identify for 20 gold pieces
 13879 | D:6      | Bought a scroll of blinking for 75 gold pieces
 13883 | D:6      | Acquired the ring of Paranoia {AC+4 Int+3 Slay+2}
 13966 | D:10     | Entered Level 10 of the Dungeon
 13996 | D:10     | Reached * piety under Ashenzari
 14221 | D:10     | Identified the +7 spear of Chagrin {flame, Int+4}
 14883 | D:10     | Noticed a four-headed hydra
 14889 | D:10     | Killed a four-headed hydra
 14890 | D:10     | Reached skill level 10 in Unarmed Combat
 15214 | D:10     | Found a stormy altar of Qazlal.
 15501 | D:11     | Noticed a cyclops
 15509 | D:11     | Killed a cyclops
 15640 | D:11     | Reached ** piety under Ashenzari
 15829 | D:11     | Noticed a two-headed ogre
 15829 | D:11     | Noticed a two-headed ogre
 15854 | D:11     | Killed a two-headed ogre
 15855 | D:11     | Killed a two-headed ogre
 16155 | D:11     | Noticed a two-headed ogre
 16198 | D:11     | Killed a two-headed ogre
 16748 | D:12     | Noticed a centaur warrior
 16767 | D:12     | Killed a centaur warrior
 16768 | D:12     | Reached skill level 11 in Unarmed Combat
 16768 | D:12     | Reached XP level 12. HP: 71/81 MP: 13/25
 16902 | D:12     | Noticed Jorgrun
 17431 | Lair:1   | Entered Level 1 of the Lair of Beasts
 17695 | Lair:1   | Reached *** piety under Ashenzari
 17722 | Lair:1   | Reached skill level 10 in Spellcasting
 18467 | Lair:2   | Reached skill level 10 in Transmutations
 18600 | Lair:2   | Found a hole to the Spider Nest.
 19322 | Lair:2   | Found a staircase to the Swamp.
 19630 | Lair:2   | Reached skill level 1 in Earth Magic
 20024 | Lair:3   | Reached skill level 12 in Unarmed Combat
 20037 | Lair:3   | Reached XP level 13. HP: 48/88 MP: 11/27
 20401 | Lair:3   | Noticed a cacodemon
 20413 | Lair:3   | Noticed a rakshasa
 20755 | Lair:3   | Noticed Jazxac's ghost (journeyman MiMo)
 20769 | Lair:3   | Identified the ring "Siedish" {rF- rN+ Str+3 Int+6}
 21494 | Lair:3   | Found a transporter.
 21494 | Lair:3   | Found a transporter.
 21562 | Lair:3   | Found a one-way gate to the infinite horrors of the Abyss.
 22054 | Lair:4   | Reached skill level 5 in Dodging
 22090 | Lair:4   | Noticed Josephine
 22131 | Lair:4   | Killed Josephine
 22616 | Lair:4   | Reached skill level 13 in Unarmed Combat
 22868 | Lair:4   | Acquired the ring "Mufekhiush" {+Blink rF- MP+9 AC+4 Str+2}
 23050 | Lair:4   | Found a blossoming altar of Fedhas.
 23736 | Lair:5   | Reached XP level 14. HP: 97/97 MP: 29/29
 24115 | Lair:5   | Found a staircase to the Slime Pits.
 24739 | Lair:5   | Reached **** piety under Ashenzari
 24843 | Lair:5   | Learned a level 6 spell: Iron Shot
 25144 | Lair:6   | Entered Level 6 of the Lair of Beasts
 25317 | Lair:6   | Reached skill level 5 in Earth Magic
 25498 | Lair:6   | HP: 4/122 [catoblepas (20)]
 25756 | Lair:6   | Reached skill level 14 in Unarmed Combat
 26886 | Lair:6   | Found a large runed translucent door.
 26887 | Lair:6   | Found a large runed translucent door.
 26969 | Lair:6   | Reached XP level 15. HP: 79/108 MP: 30/33
 27334 | Lair:6   | Reached skill level 10 in Fighting
 27830 | Orc:1    | Entered Level 1 of the Orcish Mines
 28271 | Orc:2    | Entered Level 2 of the Orcish Mines
 28271 | Orc:2    | Found a gate leading to a gauntlet.
 28293 | Gauntlet | Entered a Gauntlet
 28293 | Gauntlet | Found a transporter.
 28293 | Gauntlet | Found a transporter.
 28293 | Gauntlet | Found a transporter.
 28311 | Gauntlet | Found a transporter.
 28321 | Gauntlet | Found a transporter.
 28323 | Gauntlet | Found a transporter.
 28342 | Gauntlet | Found a transporter.
 28345 | Gauntlet | Found a transporter.
 28346 | Gauntlet | Identified the ring "Jamiynal" {rElec rPois rC- rCorr}
 28364 | Gauntlet | Found a transporter.
 28417 | Gauntlet | Found a transporter.
 28431 | Gauntlet | Found a transporter.
 28447 | Gauntlet | Found a transporter.
 29001 | Gauntlet | Identified the ring of Foqof {Ice Drain Str+2 SInv}
 29003 | Gauntlet | Identified Qeisiukh's Collected Works on Aerial Clay
 29028 | Gauntlet | Learned a level 5 spell: Borgnjor's Vile Clutch
 29346 | Orc:2    | Found Xehion's Jewellery Shop.
 29351 | Orc:2    | Found a staircase to the Elven Halls.
 29686 | Orc:2    | Noticed an orc warlord
 29691 | Orc:2    | Found Pisaed's General Store.
 29745 | Orc:2    | Killed an orc warlord
 31098 | Orc:2    | Found Reofen's Antique Weapon Shop.
 31201 | Orc:2    | Found Mongus's Antique Armour Shop.
 31296 | Elf:1    | Entered Level 1 of the Elven Halls
 31296 | Elf:1    | Noticed a deep elf sorcerer
 31296 | Elf:1    | Found a runed translucent gate.
 31296 | Elf:1    | Found a runed translucent gate.
 31296 | Elf:1    | Found a runed translucent gate.
 31296 | Elf:1    | Found a runed translucent gate.
 31296 | Elf:1    | Found a runed translucent gate.
 31296 | Elf:1    | Found a runed translucent gate.
 31298 | Elf:1    | Found a runed translucent door.
 31380 | Elf:1    | Found a crumbling gateway.
 31495 | Elf:1    | Found a magical portal.
 31500 | WizLab   | Entered The Hall of the Hellbinder
 31642 | WizLab   | Reached skill level 15 in Unarmed Combat
 31653 | WizLab   | HP: 5/123 [demonspawn black sun/bolt of negative energy
                  | (16)]
 32042 | WizLab   | HP: 3/135 [sun demon (13)]
 32042 | WizLab   | Demolished by a sun demon

Illustrated notes

Levels and vault maps discovered:
D:1:      wander_arrival_lonely_grave, layout_basic
D:2:      layout_loops_cross, basic_altar, dk_noncrumbling_4
D:3:      cheibrodos_helix_gallery, layout_loops_ring, kennysheep_donut,
          minmay_cupped, uniq_ijyb
D:4:      layout_layer_cave, temple_doors_e, serial_bayou_pond_a, uniq_robin,
          uniq_edmund, uniq_pikel
D:5:      layout_basic, mainiacjoe_overflow_paths, kennysheep_diamond,
          uniq_sigmund
D:6:      layout_rooms, old_standard_altar, lemuel_crystal_altar, serial_shops,
          nicolae_shop_hallway_stairs, st_stairs_4, grunt_decor_resistance,
          minivault_10, minmay_holes, chequers_hall_statues_y, glass_columns_c,
          uniq_prince_ribbit1
D:7:      layout_basic, mainiacjoe_overflow_surrounded_room
D:8:      layout_basic, dk_xom_monty_hall, lemuel_zombie_altar_kikubaaqudgha,
          uniq_grum
D:9:      layout_rooms, lemuel_blue_sif_altar, mainiacjoe_overflow_alcove_2,
          dpeg_oklobed_lair, erik_orc_1
D:10:     layout_long_grid, mainiacjoe_overflow_alcove_1, hangedman_stone_soup
D:11:     layout_long_grid
D:12:     layout_small_grid, minmay_circle_x, uniq_jorgrun
Temple:   oiseaux_autumnal_temple
Lair:1:   hellmonk_ruined_rings, layout_chaotic_city,
          nicolae_lair_grove_arrangements, chequers_serial_rivers_micro_c,
          nicolae_quartered_pool_impasse
Lair:2:   layout_regular_city, skrybe_swamp_entry_bodies,
          spider_nest_entry_funnel_web
Lair:3:   layout_loops_ring, gammafunk_ghost_abyssal_escape
Lair:4:   cheibrodos_magma_flow, layout_gridlike, hangedman_tree_tricks,
          fungi_pond_lemuel, infiniplex_staircase_pool, lemuel_fruit_fields,
          uniq_josephine
Lair:5:   layout_misc_corridors, nicolae_slime_entry_slimehenge
Lair:6:   cheibrodos_lair_end_hotspot, layout_regular_city
Orc:1:    layout_caves
Orc:2:    grunt_orc_cross, layout_caves, gauntlet_entry_generic
Elf:1:    nicolae_elf_arrival_dilemma, layout_loops_corners, basic_altar,
          portal_desolation_entry_twin_temple, serial_shops,
          nicolae_take_the_stairs, nicolae_shop_trees,
          infiniplex_enter_wizlab_spiral, minmay_misc_feat_five, uniq_agnes
WizLab:   wizlab_demon

Skill      XL: |  1  2  3  4  5  6  7  8  9 10 11 12 13 14 15 |
---------------+----------------------------------------------+-----
Spellcasting   | 3 4 5 6 7 8 9 10 11 12 | 12.5
Transmutations | 3 4 5 6 7 8 9 10 11 12 | 12.6
Fighting       | 2 3 4 5 6 7 8 9 10 | 10.5
Unarmed Combat | 4 5 6 7 9 11 12 13 14 15 | 15.1
Poison Magic   | 2 3 4 |  4.0
Dodging        | 3 6 7 8 |  8.8
Earth Magic    | 1 4 5 6 |  6.9

Action                   |  1- 3 |  4- 6 |  7- 9 | 10-12 | 13-15 || total
-------------------------+-------+-------+-------+-------+-------++-------
Melee: Unarmed           |    75 |   122 |   240 |   491 |   938 ||  1866
       Constrict         |    20 |    15 |    17 |       |     1 ||    53
       Tentacles         |    11 |    20 |    14 |       |       ||    45
       Kick              |    11 |    22 |    18 |       |       ||    51
       Punch             |       |     2 |     2 |       |       ||     4
 Cast: Beastly Appendage |    25 |    18 |    15 |       |       ||    58
       Wereblood         |     1 |     1 |     2 |    21 |    27 ||    52
       Spider Form       |       |     3 |    17 |       |     1 ||    21
       Ice Form          |       |       |     8 |    71 |    89 ||   168
       Borgnjor's Vile C |       |       |       |       |    12 ||    12
Invok: Curse Item        |       |       |       |     6 |     2 ||     8
       Shatter the Chain |       |       |       |       |     1 ||     1
Evoke: Wand              |       |       |       |     2 |     1 ||     3
  Use: Scroll            |     1 |     3 |     9 |    16 |     5 ||    34
       Potion            |       |       |       |     5 |     9 ||    14
 Stab: Sleeping          |     5 |     5 |     1 |       |     1 ||    12
       Distracted        |       |       |       |     1 |       ||     1
       Petrified         |       |       |       |       |     3 ||     3
       Petrifying        |       |       |       |       |     1 ||     1
Armor: Skin              |       |     3 |    24 |   232 |   423 ||   682
Dodge: Dodged            |    41 |    78 |   175 |   264 |   625 ||  1183

Table legend: (Time is in decaauts)
 A = Elapsed time spent in this place.
 B = Non-inter-level travel time spent in this place.
 C = Inter-level travel time spent in this place.
 D = Time resting spent in this place.
 E = Time spent auto-exploring this place.
 F = Levels seen in this place.
 G = Mean time per level.
                   A        B        C        D        E       F      G
               +--------+--------+--------+--------+--------+-----+--------+
         Total |  31662 |  30576 |   1086 |   6232 |  19242 |  24 | 1319.2 |
       Dungeon |  17168 |  16507 |    661 |   2499 |  11480 |  12 | 1430.7 |
        Temple |    222 |    201 |     21 |      0 |    187 |   1 |  222.0 |
          Lair |  10175 |   9846 |    329 |   1864 |   6300 |   6 | 1695.8 |
  Orcish Mines |   2400 |   2325 |     75 |    807 |   1083 |   2 | 1200.0 |
   Elven Halls |    193 |    193 |      0 |     30 |      0 |   1 |  193.0 |
        Wizlab |    517 |    517 |      0 |    404 |      3 |   1 |  517.0 |
      Gauntlet |    984 |    984 |      0 |    627 |    189 |   1 |  984.0 |
               +--------+--------+--------+--------+--------+-----+--------+

Top non-repeatable levels by time:
  Lair:6: 2234 daAuts
     D:8: 2224 daAuts
     D:3: 2210 daAuts
     D:5: 1838 daAuts
  Lair:3: 1837 daAuts
    D:11: 1829 daAuts
  Lair:4: 1749 daAuts
  Lair:5: 1745 daAuts
  Lair:2: 1612 daAuts
     D:4: 1532 daAuts
   Orc:2: 1438 daAuts
     D:9: 1421 daAuts
     D:1: 1415 daAuts
     D:2: 1244 daAuts
    D:10: 1202 daAuts
